 Dungeon Crawl Stone Soup version 0.26.1-10-gdfb7c7de75 (webtiles) character file.

Game seed: 760261740028208889

27758 tardwrangler69 the Fighter (level 13, -1/76 HPs)
             Began as a Vine Stalker Fighter on Apr 11, 2021.
             Was a Believer of Uskayaw.
             Killed by divine providence
             ... invoked by a meliai
              (8 damage)
             ... in a Gauntlet.
             The game lasted 00:30:47 (13060 turns).

tardwrangler69 the Fighter (Vine Stalker Fighter)  Turns: 13060, Time: 00:30:48

Health: -1/76      AC: 13    Str: 30    XL:     13   Next: 34%
Magic:  0/18       EV: 13    Int:  8    God:    Uskayaw [**....]
Gold:   878        SH: 12    Dex: 19    Spells: 12/12 levels left

rFire    . . .     SeeInvis .   x - +3 rapier (flame)
rCold    . . .     Faith    .   c - +0 kite shield
rNeg     . . .     Spirit   +   b - +0 steam dragon scales
rPois    .         Reflect  .   j - +1 helmet
rElec    .         Harm     .   D - +1 cloak
rCorr    .         Rampage  .   e - +0 pair of gloves
Will     +....     NoTele   +   l - +0 pair of boots
Stlth    ++++......             M - amulet of regeneration
HPRegen  1.42/turn              L - +4 ring of evasion
MPRegen  0.16/turn              U - ring of Diyhem {Str+6 Dex+5 Slay+2}

@: no status effects
A: fangs 3, regeneration 2, magic shield, antimagic bite, no potion heal 3
a: Renounce Religion, Stomp, Line Pass


You were in a Gauntlet.
You worshipped Uskayaw.
Uskayaw was noncommittal.
You visited 3 branches of the dungeon, and saw 15 of its levels.
You also visited: Bailey and Gauntlet.

You collected 977 gold pieces.
You spent 99 gold pieces at shops.

Inventory:

Hand Weapons
 a - a +1 rapier
 x - a +3 rapier of flaming (weapon)
 N - a +2 short sword of freezing
 Q - the +5 long sword of the Evil Eye {vorpal, Str+6}
   (You found it on level 12 of the Dungeon)

   It inflicts extra damage upon your enemies.
   It affects your strength (+6).
Missiles
 d - 14 javelins (quivered)
 W - 6 silver javelins
Armour
 b - +0 steam dragon scales (worn)
 c - a +0 kite shield (worn)
 e - a +0 pair of gloves (worn)
 j - a +1 helmet (worn)
 l - a +0 pair of boots (worn)
 y - a +3 leather armour
 D - a +1 cloak (worn)
 F - a +0 troll leather armour
 X - the cursed +0 pair of boots of Fanaticism {rPois Will- Dex-5 SInv, unknown}
   (You found it in a Gauntlet)

   It affects your dexterity (-5).
   It protects you from poison.
   It affects your willpower, your defense against some magical effects.
   It lets you see invisible.
   It has a curse placed upon it.
Jewellery
 L - a +4 ring of evasion (left hand)
 M - an amulet of regeneration (around neck)
 O - an uncursed ring of wizardry
 T - an uncursed amulet of magic regeneration {unknown}
 U - the ring of Diyhem (right hand) {Str+6 Dex+5 Slay+2}
   (You found it in a Gauntlet)

   [ring of strength]

   It affects your strength (+6).
   It affects your dexterity (+5).
   It affects your accuracy and damage with ranged weapons and melee attacks
   (+2).
Wands
 u - a wand of acid (2)
 v - a wand of polymorph (16)
 w - a wand of random effects (11)
 z - a wand of enslavement (5)
 A - a wand of digging (5)
 C - a wand of disintegration (29)
 H - a wand of paralysis (5)
 R - a wand of flame (13)
Scrolls
 f - 4 scrolls of immolation
 g - 10 scrolls of identify
 h - 15 scrolls of remove curse
 q - 6 scrolls of teleportation
 r - 4 scrolls of enchant armour
 s - 7 scrolls of fog
 t - 3 scrolls of enchant weapon
 J - a scroll of blinking
 K - a scroll of amnesia
Potions
 i - 2 potions of cancellation
 k - 6 potions of attraction
 m - 5 potions of brilliance
 n - a potion of flight
 o - 8 potions of curing
 p - a potion of ambrosia
 B - a potion of haste
 E - a potion of mutation {unknown}
 G - a potion of magic {unknown}
 I - 3 potions of might
 P - a potion of degeneration {unknown}
 S - a potion of invisibility {unknown}
 V - a potion of lignification {unknown}


   Skills:
 * Level 12.3 Fighting
 * Level 12.3 Short Blades
 + Level 5.3 Armour
 - Level 6.9 Stealth
 + Level 6.6 Shields
 - Level 6.0 Invocations


You had 12 spell levels left.
You didn't know any spells.
Your spell library was empty.

Dungeon Overview and Level Annotations

Branches:
Dungeon (12/15)            Temple (1/1) D:4            Lair (2/6) D:8
  Snake (0/4) Lair:2          Orc (0/2) D:11         Bailey (visited)
Gauntlet (1/1)
  Swamp: Lair:2-4    Shoals: Lair:2-4

Altars:
Ashenzari
Dithmenos
Fedhas
Gozag
Hepliaklqana
Kikubaaqudgha
Nemelex Xobeh
Okawaru
Qazlal
Sif Muna
Uskayaw
Vehumet
Yredelemnul
The Shining One

Shops:
D:4 :   D:7 (?*(=   D:8 }

Annotations:
D:3 exclusion: downstairs Gauntlet 10 transporters, 1 runed translucent door, exclusion: lightning spire


Innate Abilities, Weirdness & Mutations

You have razor-sharp teeth.
You heal very quickly.
When hurt, damage is shared between your health and your magic reserves.
Your bite disrupts and absorbs the magic of your enemies.
Potions cannot restore your health.


Message History

Unknown command.
Okay, then.
Unknown command.
Press: ? - help, v - describe, . - travel
Here: a meliai, wielding a +0 hand axe and wearing a +0 robe (moderately wounded)
The floor.
Unknown command.
You hit the meliai. You burn the meliai. You bite the meliai!
You kill the meliai!
You feel sick. The meliai hits you with a +0 war axe!
* * * LOW HITPOINT WARNING * * *
The meliai stings you.
* * * LOW HITPOINT WARNING * * *
You are lethally poisoned!
The meliai poisons you! The meliai hits you but does no damage.
You block the meliai's attack.
Your system rejects the healing.
You feel better.
The meliai calls down the wrath of its god upon you.
Something smites you!
You die...

##..#z#z#.#.#..#.§##≈##..#..#5# #
#§§.#zz.#zzz#..#.........#..#35
.###§.#########..#.........#..###
..##..........#..###########..#..
...#..#########..#.........#..###
...#..#[/.8...#..#.#.#.#.#.#..#hh
.©.#8.#}#####.#..#..#.#.#..#..#h#
...#..#©#....h#.)#/#.#.#.#.#..#h.
.©.#∩.###.#####©@#§.#.©.#..#©©#y.
...#..#...#...#y.#(#.#.#.#.#..#..
.©.#8.#.###.#.#..#..#.#.#..#..#[#
...#..#.+...#©#..#.#.#.#.#.#..#..
...#..#########..#.........#..###
..##..........#..###########..#..
.###..#########..#.........#..###
# #§§.##.#.#.##..#.........#..#..
##..#[#.#.#.#..#..##≈##..#..##.


You could see a raiju, a meliai and 3 flying skulls.

Vanquished Creatures
  Gastronok (D:9)
  2 hydras
  3 two-headed ogres (D:12)
  Urug (Lair:1)
  Sonja (D:12)
  An unseen horror (D:12)
  Pikel (D:8)
  4 ugly things
  2 cyclopes (D:11)
  Maurice (D:8)
  2 centaur zombies
  Maggie (D:6)
  5 cane toads
  2 meliai (Gauntlet)
  2 trolls
  A raiju (Gauntlet)
  A shadow (D:11)
  2 wyverns
  A vampire (D:9)
  3 hogs (D:7)
  Grum (D:9)
  A basilisk (Lair:2)
  21 yaks
  A human (D:7)
  3 steam dragons
  Eustachio (D:6)
  Menkaure (D:4)
  2 nagas (Lair:2)
  A soldier ant (D:12)
  Duvessa (D:7)
  4 water moccasins
  6 sky beasts
  7 ice beasts
  9 orc warriors
  3 phantoms
  6 black bears
  15 wolves
  4 ogres
  15 centaurs
  3 big kobolds
  9 bullfrogs
  A water moccasin zombie (D:9)
  Dowan (D:7)
  6 scorpions
  5 wights (D:6)
  3 howler monkeys (D:8)
  2 quasits
  A bullfrog zombie (D:10)
  7 hounds
  5 orc wizards
  2 bullfrog skeletons
  6 jellies
  2 iguanas
  9 orc priests
  Ijyb (D:4)
  12 worker ants
  A hound skeleton (D:7)
  13 adders
  7 gnolls
  A shadow imp (D:8)
  3 white imps
  2 ufetubi
  2 worms
  2 dart slugs
  4 leopard geckos
  60 orcs
  9 giant cockroaches
  10 goblins
  A hobgoblin (D:3)
  7 jackals
  8 quokkas
  6 ball pythons
  13 bats
  5 frilled lizards
  19 kobolds
  A quokka skeleton (D:8)
  A quokka zombie (D:7)
  6 rats
  A spectral orc (D:7)
396 creatures vanquished.

Vanquished Creatures (others)
  A sky beast (D:7)
  A quasit (D:9)
  3 fungi
  12 plants
  A withered plant (Gauntlet)
18 creatures vanquished.

Grand Total: 414 creatures vanquished

Notes
Turn   | Place    | Note
-------+----------+-------------------------------------------
     0 | D:1      | tardwrangler69 the Vine Stalker Fighter began the quest for
                  | the Orb.
     0 | D:1      | Reached XP level 1. HP: 11/11 MP: 2/2
    70 | D:1      | Reached XP level 2. HP: 10/16 MP: 1/3
   576 | D:1      | Reached XP level 3. HP: 20/20 MP: 4/4
  1176 | D:2      | Gained mutation: Your natural rate of healing is unusually
                  | fast. [Vine Stalker growth]
  1176 | D:2      | Reached XP level 4. HP: 17/24 MP: 5/5
  1898 | D:3      | Reached XP level 5. HP: 29/29 MP: 6/6
  1917 | D:3      | Found a blossoming altar of Fedhas.
  1920 | D:3      | Found a glowing golden altar of the Shining One.
  1923 | D:3      | Found a stormy altar of Qazlal.
  1926 | D:3      | Found a hazy altar of Hepliaklqana.
  2242 | D:3      | Noticed an ogre
  2270 | D:3      | Killed an ogre
  2271 | D:3      | Reached XP level 6. HP: 19/34 MP: 3/7
  2683 | D:4      | Noticed Menkaure
  3075 | D:4      | Killed Menkaure
  3076 | D:4      | Reached skill level 5 in Fighting
  3196 | D:4      | Found a staircase to the Ecumenical Temple.
  3297 | D:4      | Noticed Ijyb
  3316 | D:4      | Killed Ijyb
  3366 | Temple   | Entered the Ecumenical Temple
  3400 | Temple   | Became a worshipper of Uskayaw the Reveller
  3449 | D:4      | Reached * piety under Uskayaw
  3451 | D:4      | Reached XP level 7. HP: 39/39 MP: 6/8
  3493 | D:4      | Found an iron altar of Okawaru.
  3569 | D:4      | Found Agiphisse's Book Shoppe.
  3677 | D:5      | Entered Level 5 of the Dungeon
  3687 | D:4      | Reached ** piety under Uskayaw
  3694 | D:4      | Reached skill level 5 in Short Blades
  3757 | D:5      | Got a masterwork quarterstaff
  3772 | D:5      | Identified the +5 quarterstaff "Xonawn" {vorpal, rC+ rN++
                  | Will+ Dex-3} (You found it on level 5 of the Dungeon)
  3836 | D:5      | Reached *** piety under Uskayaw
  4025 | D:5      | Gained mutation: You have razor-sharp teeth. [Vine Stalker
                  | growth]
  4025 | D:5      | Reached XP level 8. HP: 41/45 MP: 6/9
  4344 | D:6      | Noticed Maggie
  4365 | D:6      | Reached **** piety under Uskayaw
  4367 | D:6      | Killed Maggie
  4771 | D:6      | Reached XP level 9. HP: 43/50 MP: 8/10
  4827 | D:6      | You fall into a shaft and drop 3 floors!
  4831 | D:9      | Noticed a troll
  4863 | D:9      | Reached ***** piety under Uskayaw
  4870 | D:9      | Noticed Gastronok
  4991 | D:8      | Found an opulent altar of Gozag.
  5105 | D:8      | Found a sparkling altar of Nemelex Xobeh.
  5185 | D:8      | Reached skill level 1 in Invocations
  5407 | D:7      | Found Tugenkes's Magic Scroll Emporium.
  5415 | D:7      | Reached XP level 10. HP: 57/57 MP: 14/14
  5426 | D:7      | Bought a scroll of teleportation for 33 gold pieces
  5426 | D:7      | Bought a scroll of teleportation for 33 gold pieces
  5426 | D:7      | Bought a scroll of teleportation for 33 gold pieces
  5662 | D:7      | Found a basalt altar of Yredelemnul.
  5731 | D:7      | Noticed Duvessa
  5732 | D:7      | Noticed Dowan
  5746 | D:7      | Killed Duvessa
  5751 | D:7      | Killed Dowan
  5752 | D:7      | Reached skill level 5 in Invocations
  5786 | D:7      | Found Ockotawo's Antique Weapon Shoppe.
  5828 | D:7      | Found a flagged portal.
  5838 | Bailey   | Entered a bailey
  5840 | Bailey   | Noticed an orc knight
  5840 | Bailey   | Noticed an orc knight
  6091 | D:7      | Found Peptoll's Weapon Boutique.
  6102 | D:7      | Found Uzif's Jewellery Shoppe.
  6649 | D:6      | Noticed Eustachio
  6663 | D:6      | Killed Eustachio
  7079 | D:7      | Reached skill level 1 in Stealth
  7295 | D:7      | Found Gaithred's General Store.
  7375 | D:8      | Found Magioh's Gadget Shop.
  7430 | D:8      | Noticed Pikel
  7466 | D:8      | Killed Pikel
  7518 | D:8      | Found a staircase to the Lair.
  7833 | D:8      | Noticed Maurice
  7847 | D:8      | Killed Maurice
  8146 | D:9      | Reached XP level 11. HP: 63/63 MP: 16/16
  8188 | D:9      | Reached skill level 5 in Stealth
  8258 | D:9      | Noticed Grum
  8332 | D:9      | Killed Grum
  8489 | D:8      | Reached skill level 10 in Fighting
  8726 | D:9      | Killed Gastronok
  8727 | D:9      | Reached skill level 10 in Short Blades
  9108 | D:10     | Entered Level 10 of the Dungeon
  9429 | D:10     | Noticed a red ugly thing
 10036 | D:11     | Noticed a cyclops
 10055 | D:11     | Reached ****** piety under Uskayaw
 10057 | D:11     | Killed a cyclops
 10057 | D:11     | Noticed a cyclops
 10079 | D:11     | Killed a cyclops
 10357 | D:11     | Gained mutation: You heal very quickly. [Vine Stalker
                  | growth]
 10357 | D:11     | Reached XP level 12. HP: 67/69 MP: 15/17
 10402 | D:11     | Found a staircase to the Orcish Mines.
 10588 | D:11     | Reached skill level 5 in Shields
 11100 | D:12     | Noticed a two-headed ogre
 11110 | D:12     | Noticed a two-headed ogre
 11111 | D:12     | Killed a two-headed ogre
 11120 | D:12     | Killed a two-headed ogre
 11220 | D:12     | Noticed Sonja
 11223 | D:12     | Killed Sonja
 11309 | D:12     | Found a shimmering blue altar of Sif Muna.
 11359 | D:12     | Noticed a four-headed hydra
 11361 | D:12     | Noticed a two-headed ogre
 11373 | D:12     | Killed a two-headed ogre
 11377 | D:12     | Killed a four-headed hydra
 11818 | D:12     | Got a dazzling long sword
 11819 | D:12     | Identified the +5 long sword of the Evil Eye {vorpal,
                  | Str+6} (You found it on level 12 of the Dungeon)
 11904 | Lair:1   | Entered Level 1 of the Lair of Beasts
 12019 | Lair:1   | Reached XP level 13. HP: 75/75 MP: 18/18
 12065 | Lair:1   | Reached skill level 5 in Armour
 12225 | Lair:1   | Noticed Urug
 12244 | Lair:1   | Killed Urug
 12492 | Lair:2   | Found a staircase to the Snake Pit.
 12649 | Lair:2   | Found a gate leading to a gauntlet.
 12662 | Gauntlet | Entered a Gauntlet
 12662 | Gauntlet | Found a transporter.
 12662 | Gauntlet | Found a transporter.
 12674 | Gauntlet | Found a transporter.
 12692 | Gauntlet | Found a transporter.
 12692 | Gauntlet | Found a transporter.
 12692 | Gauntlet | Found a transporter.
 12694 | Gauntlet | Found a transporter.
 12694 | Gauntlet | Found a transporter.
 12706 | Gauntlet | Found a transporter.
 12721 | Gauntlet | Found a transporter.
 12725 | Gauntlet | Found a runed translucent door.
 12732 | Gauntlet | Found a transporter.
 12733 | Gauntlet | Noticed a dire elephant
 12738 | Gauntlet | Found a transporter.
 12773 | Gauntlet | Found a transporter.
 12789 | Gauntlet | Found a transporter.
 12874 | Gauntlet | Got a bound granite ring
 12877 | Gauntlet | Identified the ring of Diyhem {Str+6 Dex+5 Slay+2} (You
                  | found it in a Gauntlet)
 13052 | Gauntlet | Got a pair of smouldering boots
 13060 | Gauntlet | Killed from afar by a meliai

Illustrated notes

Levels and vault maps discovered:
D:1:      sevenhm_arrival_forest_fort_small_6, layout_basic
D:2:      layout_loops_ring, st_stairs_10, bh_walls_and_bars
D:3:      layout_loops_ring, grunt_temple_overflow_cloverleaf
D:4:      layout_cave_pools, minmay_temple_entry_enclosed_plants, serial_shops,
          shop, hangedman_decor_points, okawaru_gym_becter, uniq_ijyb,
          uniq_menkaure
D:5:      layout_rooms
D:6:      wander_river, layout_basic, uniq_eustachio, uniq_maggie
D:7:      layout_loops_ring, yredelemnul_forgotten_temple_becter, serial_shops,
          nicolae_shop_overgrown_old_shop, nicolae_shop_behind_doors,
          kennysheep_little_box, nicolae_shop_waterfront, shop, enter_bailey_2,
          grunt_livestock, uniq_duvessa
D:8:      layout_basic, lemuel_round_altar, lair_entry_dummy, serial_shops,
          nicolae_shop_stone, nemelex_spade_bored_becter, uniq_pikel,
          uniq_maurice
D:9:      layout_basic, uniq_grum, uniq_gastronok
D:10:     layout_gridville
D:11:     layout_long_grid, hiddenorc1_lemuel
D:12:     layout_rooms, basic_altar, uniq_sonja
Temple:   regret_index_temple_sphere_string
Lair:1:   layout_misc_corridors, beast_lair_carwin_3, grunt_megastairs_2,
          uniq_urug
Lair:2:   layout_chaotic_city, guppyfry_snake_entry_garden,
          gauntlet_entry_generic
Gauntlet: gammafunk_gauntlet_mixed_choke_point
          [minmay_gauntlet_arena_77_p_blocks, minmay_gauntlet_arena_77_mirror,
          minmay_gauntlet_arena_77_tiled_triplets,
          gammafunk_gauntlet_arena_grid, minmay_gauntlet_arena_77_two_paths,
          minmay_gauntlet_arena_77_path, minmay_gauntlet_arena_77_checkered,
          nicolae_gauntlet_exit_dead_adventurers]

Skill      XL: |  1  2  3  4  5  6  7  8  9 10 11 12 13 |
---------------+----------------------------------------+-----
Short Blades   | 2 3 4 6 7 8 9 10 11 12 | 12.3
Fighting       | 3 4 5 6 7 8 9 10 12 | 12.3
Shields        | 4 6 |  6.6
Invocations    | 4 6 |  6.0
Stealth        | 4 6 |  6.9
Armour         | 3 4 5 |  5.3

Action                   |  1- 3 |  4- 6 |  7- 9 | 10-12 | 13-15 || total
-------------------------+-------+-------+-------+-------+-------++-------
Melee: Rapier            |   108 |   159 |   229 |   663 |   100 ||  1259
       Bite              |    20 |    44 |   101 |   232 |    32 ||   429
       Quarterstaff      |       |       |    12 |       |       ||    12
       Short sword       |       |       |    34 |       |       ||    34
Invok: Stomp             |       |       |       |       |     1 ||     1
Evoke: Wand              |       |       |       |    22 |       ||    22
  Use: Potion            |       |     1 |     3 |       |     1 ||     5
       Scroll            |       |     8 |     4 |     7 |     1 ||    20
 Stab: Paralysed         |       |       |     8 |    36 |    11 ||    55
       Sleeping          |       |       |       |    13 |     2 ||    15
Armor: Scale mail        |    78 |    63 |    37 |       |       ||   178
       Leather armour    |       |       |    70 |   182 |    14 ||   266
       Steam dragon scal |       |       |       |       |    11 ||    11
Dodge: Dodged            |    32 |    48 |    60 |   167 |    40 ||   347
Block: Kite shield       |    61 |    70 |   107 |   262 |    47 ||   547
